 Dungeon Crawl Stone Soup version 0.28.0-43-g3370ac3207 (webtiles) character file.

Game seed: 7531997075354011270

352 safid the Chopper (level 6, -2/52 HPs)
             Began as a Hill Orc Fighter on Mar 27, 2022.
             Slain by a hound (5 damage)
             ... on level 4 of the Dungeon.
             The game lasted 00:03:11 (3804 turns).

safid the Chopper (Hill Orc Fighter)                Turns: 3804, Time: 00:03:12

Health: -2/52      AC:  8    Str: 21    XL:     6   Next: 62%
Magic:  6/6        EV:  9    Int:  8    God:
Gold:   261        SH:  4    Dex: 10    Spells: 5/5 levels left

rFire   . . .      SeeInvis .   a - +0 war axe
rCold   . . .      Faith    .   c - +0 buckler
rNeg    . . .      Spirit   .   b - +0 scale mail
rPois   .          Reflect  .   (no helmet)
rElec   .          Harm     .   i - +0 cloak
rCorr   .          Rampage  .   (no gloves)
Will    .....                   (no boots)
Stlth   ..........              (no amulet)
HPRegen 0.17/turn               (no ring)
MPRegen 0.10/turn               (no ring)

@: no status effects
A: no striking features
a: no special abilities


You were on level 4 of the Dungeon.
You visited 1 branch of the dungeon, and saw 4 of its levels.

You collected 261 gold pieces.

Inventory:

Hand Weapons
 a - a +0 war axe (weapon)
Missiles
 q - 4 boomerangs of dispersal (quivered)
 t - a throwing net
Armour
 b - a +0 scale mail (worn)
 c - a +0 buckler (worn)
 i - a +0 cloak (worn)
Wands
 n - a wand of iceblast (11)
 r - a wand of flame (14)
Scrolls
 f - a scroll of enchant armour {unknown}
 g - a scroll of identify {unknown}
 h - a scroll of teleportation {unknown}
 j - a scroll of fog {unknown}
 k - a scroll of blinking {unknown}
 l - a scroll of immolation {unknown}
 p - a scroll of magic mapping {unknown}
 u - a scroll of amnesia {unknown}
Potions
 d - a potion of might
 e - 2 potions of flight {unknown}
 m - 2 potions of brilliance {unknown}
 o - a potion of lignification {unknown}
 s - 2 potions of curing {unknown}
 v - a potion of mutation {unknown}


   Skills:
 - Level 4.0 Fighting
 + Level 7.9 Axes
 - Level 4.0 Armour
 - Level 4.0 Shields


You had 5 spell levels left.
You didn't know any spells.
Your spell library contained the following spells:

 Spells                   Type           Power      Damage    Failure   Level
 Shock                    Conj/Air       0%         1d3       83%         1
 Swiftness                Air            0%         N/A       99%         3
 Airstrike                Air            0%         N/A       100%        4


Dungeon Overview and Level Annotations

Branches:
Dungeon (4/15)
 Temple: D:4-7

Altars:
Cheibriados
Gozag
Wu Jian
Xom

Annotations:
D:3 3 runed translucent doors, Kazon's ghost, amateur MiFi


Message History

You are too injured to fight recklessly!
You are too injured to fight recklessly!
Unknown command.
You are too injured to fight recklessly!
You block the gnoll's attack.
The hound barks!
The gnoll hits you from afar with a +0 halberd!
The gnoll hits you but does no damage.
The gnoll shaman calls upon its god to speed up the gnoll.
The gnoll seems to speed up.
The gnoll barely misses you.
Things that are here:
a +0 spear; a gnoll corpse You closely miss the gnoll shaman.
You slash the gnoll!
You kill the gnoll!
The gnoll barely misses you. You block the gnoll shaman's attack.
The gnoll hits you but does no damage.
Unknown command.
You hit the gnoll shaman.
The gnoll shaman is moderately wounded.
The gnoll closely misses you.
Unknown command.
You slash the hound!
The hound is severely wounded.
You hit the gnoll shaman. The gnoll barely misses you. The hound bites you.
* * * LOW HITPOINT WARNING * * *
The gnoll shaman barely misses you.
The gnoll hits you from afar with a +0 halberd.
* * * LOW HITPOINT WARNING * * *
You block the hound's attack. The gnoll hits you but does no damage.
The gnoll shaman prays to its god.
The gnoll shaman is healed somewhat.
You block the hound's attack.
The gnoll hits you from afar with a +0 halberd!
* * * LOW HITPOINT WARNING * * *
The hound barely misses you.
The gnoll hits you from afar with a +0 halberd.
* * * LOW HITPOINT WARNING * * *
The hound bites you but does no damage. The gnoll barely misses you.
The hound bites you.
You die...

..##...##.......#...#.....#...#..
...#....#.......+...#....)'...#..
...#....#.......#...#....)# #..
...#....#.......#####.....# #..
...#... #.................# #..
..##... #.................# #..
..##.. #.................# #..
..##'####........g........# #..
..##....#.......@hg.......# #..
........#.......#####.....# #..
........'.......# #.....# #..
####....#.......# #.....#####..
...#....#.......# #.....#...#..
...#....#.......# #.....#...#..
...'....#.......# #.....#...#..
...#....#.......# #.....##'##..
...#....#.......# ###..........


You could see a gnoll shaman, a hound and a gnoll (fast).

Vanquished Creatures
  A water moccasin skeleton (D:4)
  A jelly (D:4)
  A bullfrog skeleton (D:4)
  An iguana (D:4)
  10 gnolls (D:4)
  4 adders
  2 worms (D:3)
  4 dart slugs
  3 orcs
  3 bats (D:1)
  11 endoplasms
  2 giant cockroaches
  5 hobgoblins
  3 jackals (D:2)
  6 kobolds
  2 quokkas
  2 ball pythons
  3 frilled lizards
  10 goblins
  4 rats
78 creatures vanquished.

Vanquished Creatures (others)
  2 plants (D:1)
2 creatures vanquished.

Grand Total: 80 creatures vanquished

Notes
Turn   | Place    | Note
-------+----------+-------------------------------------------
     0 | D:1      | safid the Hill Orc Fighter began the quest for the Orb.
     0 | D:1      | Reached XP level 1. HP: 19/19 MP: 1/1
   141 | D:1      | Found a faded altar of an unknown god.
   326 | D:1      | Reached XP level 2. HP: 21/27 MP: 2/2
   396 | D:1      | Reached skill level 3 in Axes
   848 | D:1      | Reached XP level 3. HP: 33/33 MP: 3/3
  1486 | D:2      | You fall into a shaft and drop 1 floor!
  1563 | D:3      | Found a runed translucent gate.
  1563 | D:3      | Found a runed translucent gate.
  1563 | D:3      | Found a runed translucent gate.
  1564 | D:3      | Noticed Kazon's ghost (amateur MiFi)
  1828 | D:2      | Reached XP level 4. HP: 39/40 MP: 4/4
  2250 | D:3      | Reached skill level 4 in Axes
  2389 | D:3      | Found an opulent altar of Gozag.
  2390 | D:3      | Found an ornate altar of the Wu Jian Council.
  2390 | D:3      | Found a shimmering altar of Xom.
  2391 | D:3      | Found a snail-covered altar of Cheibriados.
  2981 | D:4      | Reached skill level 5 in Axes
  2981 | D:4      | Reached XP level 5. HP: 29/46 MP: 5/5
  3182 | D:4      | Reached skill level 6 in Axes
  3419 | D:4      | Reached XP level 6. HP: 37/52 MP: 6/6
  3421 | D:4      | Reached skill level 7 in Axes
  3800 | D:4      | HP: 2/52 [gnoll/+0 halberd (1)]
  3804 | D:4      | Slain by a hound

Illustrated notes

Levels and vault maps discovered:
D:1:      kilobyte_arrival_exit_the_forest, layout_basic, basic_ecumenical_altar
D:2:      layout_loops_ring
D:3:      layout_basic, chequers_temple_overflow_statue_of_worship,
          ebering_ghost_rock_garden
D:4:      layout_gridville

Skill      XL: |  1  2  3  4  5  6 |
---------------+-------------------+-----
Axes           | 3 5 6 7 |  7.9
Fighting       | 4 |  4.0
Armour         | 4 |  4.0
Shields        | 4 |  4.0

Action                   |  1- 3 |  4- 6 || total
-------------------------+-------+-------++-------
Melee: War axe           |   116 |   112 ||   228
Armor: Scale mail        |    53 |    57 ||   110
Dodge: Dodged            |    63 |    57 ||   120
Block: Buckler           |    25 |    26 ||    51
